 Dungeon Crawl Stone Soup version 0.24.0-1-gfbc8707 (webtiles) character file.

Game seed: 9807659973699398676, levelgen mode: deterministic

6604 Angani the Covert (level 11, -6/76 HPs)
             Began as an Octopode Hunter on Nov 2, 2019.
             Mangled by a spiny frog (26 damage)
             ... on level 2 of the Lair of Beasts.
             The game lasted 00:27:14 (16718 turns).

Angani the Covert (Octopode Hunter)                Turns: 16718, Time: 00:27:14

Health: -6/76      AC:  1    Str: 12    XL:     11   Next: 2%
Magic:  9/12       EV: 17    Int: 16    God:
Gold:   818        SH:  0    Dex: 13    Spells: 8/11 levels left

rFire    . . .     SeeInvis .   y - +2 glaive (distort)
rCold    . . .     Gourm    .   (shield currently unavailable)
rNeg     + . .     Faith    .   (helmet restricted)
rPois    .         Spirit   .   g - amulet of magic regeneration
rElec    .         Reflect  .   h - ring of flight
rCorr    +         Harm     .   t - ring of positive energy
MR       .....                  c - ring of wizardry
Stlth    +++++.....             l - ring of resist corrosion
HPRegen  0.22/turn              (no ring)
MPRegen  0.38/turn              (no ring)
                                (no ring)
                                (no ring)

@: lethally poisoned (-6 -> -28), very slightly contaminated
A: almost no armour, stealthy swim, amphibious, 8 rings, constrict 8, camouflage
1, gelatinous body 1
a: Evoke Flight


You were on level 2 of the Lair of Beasts.
You were very hungry.

You visited 3 branches of the dungeon, and saw 12 of its levels.
You also visited: Sewer.

You collected 818 gold pieces.

Inventory:

Hand Weapons
 a - a +1 short sword
 y - a +2 glaive of distortion (weapon)
Missiles
 b - 2 javelins (quivered)
 o - 5 atropa-tipped darts
 A - 7 poisoned darts
Jewellery
 c - a ring of wizardry (on tentacle)
 g - an amulet of magic regeneration (around mantle)
 h - a ring of flight (left tentacle)
 l - a ring of resist corrosion (on tentacle)
 t - a ring of positive energy (right tentacle)
Wands
 f - a wand of enslavement (7)
Scrolls
 k - 7 scrolls of teleportation
 p - 2 scrolls of magic mapping
 s - 4 scrolls of identify
 w - 2 scrolls of fear
 x - 2 scrolls of fog
 B - 3 scrolls of amnesia
 C - 5 scrolls of remove curse
Potions
 e - 6 potions of curing
 i - 5 potions of lignification
 j - 4 potions of brilliance
 m - 2 potions of might {unknown}
 n - 3 potions of haste {unknown}
 q - a potion of cancellation
 r - a potion of berserk rage {unknown}
 u - 2 potions of flight
 v - 3 potions of degeneration {unknown}
 z - a potion of magic {unknown}
Comestibles
 d - 18 rations


   Skills:
 - Level 7.7 Fighting
 - Level 6.9 Polearms
 - Level 8.5 Throwing
 - Level 7.6 Dodging
 - Level 10.3 Stealth
 + Level 0.7 Spellcasting
 * Level 1.3 Summonings


You had 8 spell levels left.
You knew the following spells:

 Your Spells              Type           Power        Failure   Level  Hunger
a - Call Canine Familiar  Summ           #.......     16%         3    ####...

Your spell library contained the following spells:

 Spells                   Type           Power        Failure   Level  Hunger
 Summon Butterflies       Summ           #.......     6%          1    ##.....
 Summon Ice Beast         Ice/Summ       #.......     54%         4    #####..
 Summon Mana Viper        Hex/Summ       #.......     86%         5    ######.
 Summon Hydra             Summ           #.........   100%        7    #######


Dungeon Overview and Level Annotations

Branches:
Dungeon (8/15)             Temple (1/1) D:5            Lair (3/6) D:8
  Sewer (visited)
  Swamp: Lair:2-4    Shoals: Lair:2-4     Snake: Lair:2-4    Spider: Lair:2-4

Altars:
Ashenzari
Cheibriados
Dithmenos
Elyvilon
Fedhas
Hepliaklqana
Kikubaaqudgha
Makhleb
Nemelex Xobeh
Okawaru
Qazlal
Ru
Sif Muna
Trog
Uskayaw
Wu Jian
Xom
Yredelemnul
Zin

Shops:
D:6 :   D:7 !

Annotations:
D:6 exclusions: ice beast and phantom, Grinder
D:7 exclusion: door, Pikel
Lair:1 exclusion: killer bee
Lair:2 Gastronok


Innate Abilities, Weirdness & Mutations

You cannot wear most types of armour.
You are very stealthy in the water. (Stealth+)
You are amphibious.
You can wear up to eight rings at the same time.
You can use your tentacles to constrict eight enemies at once.
Your skin changes colour to match your surroundings (Stealth+).
Your rubbery body absorbs attacks. (AC +1, EV +1)


Message History

The black mamba closely misses you. The black mamba bites you!!
Your hound bites the spiny frog.
Unknown command.
You slash the black mamba!
The black mamba is heavily wounded.
You constrict the black mamba. The black mamba barely misses you.
The black mamba closely misses you. The spiny frog stings you!
You are poisoned.
The spiny frog poisons you! The black mamba closely misses you.
Unknown command.
You barely miss the black mamba. You squeeze the black mamba!
The black mamba is severely wounded.
You constrict the black mamba!
You feel sick.
Your hound bites the spiny frog.
The black mamba bites you. The spiny frog stings you!
* * * LOW HITPOINT WARNING * * *
You are lethally poisoned!
The spiny frog poisons you!
Your hound bites the spiny frog but does no damage.
The black mamba misses you. The spiny frog stings you!!
You die...

# #...## #..# #####...## #
##.#.#.. ##..# #####P.#...##
###...#... #...# ##.#.#......#
......#...P##...###...........##
......)....#..........#........##
.#..P..#...........##.##.........
#....#.##.####.....##..##........
##..##### # #.#.S.#######........
#...# ###.@....## ##....... #†..#
#######F...PP.####....... #.###
#......h.##.....#........ ..P#
#.........####........... ..P#
#..........# #..#........ ÷###
#..........########...... .#
#............# ##....# .#
#P#>........## ##P.#. ##
###.........# #####


You could see a black mamba, a spiny frog and a friendly hound.

Vanquished Creatures
  A black mamba (Lair:2)
  2 spiny frogs (Lair:1)
  A komodo dragon (Lair:2)
  Prince Ribbit (D:7)
  2 blink frogs (Lair:1)
  A hippogriff (D:8)
  3 yaks (Lair:2)
  A wyvern (Lair:1)
  Menkaure (D:7)
  3 soldier ants
  A water moccasin (Lair:1)
  2 porcupines
  2 ice beasts
  A sky beast (D:6)
  An eye of draining (D:8)
  A phantom (D:7)
  4 slaves (D:7)
  2 ogres (D:8)
  A centaur (D:6)
  6 crocodiles
  Blork the orc (D:6)
  11 bullfrogs
  A scorpion (D:4)
  An electric eel (Lair:1)
  A howler monkey (D:8)
  A crimson imp (D:6)
  A bullfrog zombie (D:7)
  An orc priest (D:8)
  2 hounds
  A centaur skeleton (D:4)
  A jelly (D:7)
  3 bullfrog skeletons (D:6)
  4 iguanas
  10 worker ants
  4 orc wizards
  3 river rats
  11 adders
  2 oozes
  2 adder skeletons
  2 worms
  9 leopard geckos
  18 orcs
  2 ball pythons
  9 giant cockroaches
  8 goblins
  7 hobgoblins
  16 jackals
  5 quokkas
  7 bats
  14 frilled lizards
  4 kobolds
  A leopard gecko skeleton (D:8)
  14 rats
  A fungus (Lair:1)
215 creatures vanquished.

Vanquished Creatures (others)
  A black mamba (Lair:2)
  A soldier ant (Lair:2)
  A crocodile (Lair:3)
  A worker ant (Lair:2)
  13 fungi
  17 plants (Lair:2)
34 creatures vanquished.

Grand Total: 249 creatures vanquished

Notes
Turn   | Place    | Note
-------+----------+-------------------------------------------
     0 | D:1      | Angani the Octopode Hunter began the quest for the Orb.
     0 | D:1      | Reached XP level 1. HP: 14/14 MP: 1/1
    23 | D:1      | Reached XP level 2. HP: 9/19 MP: 2/2
   417 | D:1      | Reached skill level 2 in Stealth
  1075 | D:2      | Reached XP level 3. HP: 25/25 MP: 3/3
  1538 | D:2      | Found a sacrificial altar of Ru.
  1748 | D:2      | Reached XP level 4. HP: 23/30 MP: 4/4
  1868 | D:2      | Reached skill level 3 in Stealth
  2796 | D:3      | Reached XP level 5. HP: 19/36 MP: 5/5
  2959 | D:3      | Found a basalt altar of Yredelemnul.
  3939 | D:4      | Reached skill level 4 in Stealth
  4003 | D:4      | Reached skill level 5 in Throwing
  4003 | D:4      | Reached XP level 6. HP: 42/42 MP: 6/6
  4464 | D:5      | Entered Level 5 of the Dungeon
  4730 | D:5      | Reached skill level 5 in Stealth
  5165 | D:5      | Found a staircase to the Ecumenical Temple.
  5175 | Temple   | Entered the Ecumenical Temple
  5377 | D:6      | Noticed Grinder
  5399 | D:6      | Reached XP level 7. HP: 39/47 MP: 7/7
  5500 | D:6      | Found a glowing drain.
  5652 | Sewer    | Entered a sewer
  6230 | D:6      | Found a sacrificial altar of Ru.
  6792 | D:6      | Reached skill level 6 in Stealth
  7031 | D:6      | Found a hazy altar of Hepliaklqana.
  7233 | D:6      | Found Witep's Book Shop.
  7340 | D:6      | HP: 1/49 [bullfrog skeleton (5)]
  7524 | D:7      | Reached XP level 8. HP: 23/54 MP: 8/8
  7697 | D:7      | Noticed Prince Ribbit
  7704 | D:7      | Reached skill level 5 in Fighting
  7717 | D:7      | Killed Prince Ribbit
  7717 | D:7      | Reached skill level 5 in Dodging
  7717 | D:7      | Reached skill level 7 in Stealth
  8041 | D:6      | Noticed Blork the orc
  8056 | D:6      | Killed Blork the orc
  8181 | D:6      | HP: 1/84 [ice beast (9)]
  8941 | D:7      | Noticed Pikel
  9162 | D:7      | Found a snail-covered altar of Cheibriados.
  9194 | D:7      | Found Koeh's Distillery.
  9262 | D:7      | Noticed a yak
  9455 | D:7      | Noticed Menkaure
  9460 | D:7      | Killed Menkaure
  9460 | D:7      | Reached skill level 8 in Stealth
  9460 | D:7      | Reached XP level 9. HP: 62/62 MP: 9/9
  9663 | D:8      | Found a shimmering blue altar of Sif Muna.
  9882 | D:8      | Found a shadowy altar of Dithmenos.
 10619 | D:8      | Found a staircase to the Lair.
 10680 | D:8      | Reached skill level 9 in Stealth
 11539 | Lair:1   | Entered Level 1 of the Lair of Beasts
 11558 | Lair:2   | Noticed a black mamba
 11796 | Lair:2   | Noticed a black mamba
 11882 | Lair:1   | Noticed a spiny frog
 11892 | Lair:1   | Killed a spiny frog
 12157 | Lair:1   | Reached XP level 10. HP: 17/71 MP: 10/10
 12749 | Lair:1   | Reached skill level 10 in Stealth
 13459 | Lair:1   | Noticed a spiny frog
 13553 | Lair:1   | Killed a spiny frog
 14018 | Lair:1   | Reached skill level 1 in Polearms
 14505 | Lair:2   | Killed a black mamba
 14927 | Lair:2   | Noticed a black mamba
 14931 | Lair:2   | Banished a black mamba
 15137 | Lair:2   | Reached skill level 5 in Polearms
 15403 | Lair:2   | Noticed Gastronok
 16440 | Lair:2   | Noticed a spiny frog
 16526 | Lair:2   | Learned a level 3 spell: Call Canine Familiar
 16613 | Lair:3   | Reached XP level 11. HP: 76/76 MP: 8/11
 16616 | Lair:3   | Reached skill level 1 in Summonings
 16718 | Lair:2   | Mangled by a spiny frog

Levels and vault maps discovered:
D:1:      dpeg_arrival_boxorama, layout_basic
D:2:      layout_basic, marbit_many_paths
D:3:      layout_basic, yredelemnul_altar_generic, first_ration
D:4:      layout_rooms
D:5:      layout_rooms, temple_statues
D:6:      layout_basic, old_standard_altar, serial_shops, shop_coins,
          gup_sewer_entry_bubbles, nicolae_ru_the_path_less_chosen,
          uniq_blork_the_orc, uniq_grinder
D:7:      layout_cave_pods, cheibriados_altar_1, serial_shops,
          kennysheep_mini_moat, grunt_livestock, uniq_pikel, uniq_menkaure,
          uniq_prince_ribbit1
D:8:      layout_layer_cave, grunt_temple_overflow_open, lair_entry_dummy,
          patterned_corridor
Temple:   nicolae_temple_god_jail
Lair:1:   layout_long_grid, special_room [special_room_bee],
          beast_lair_carwin_9, infiniplex_staircase_pool
Lair:2:   layout_cave_pods, wad_woods_antlair, uniq_gastronok
Lair:3:   regret_index_bee_streams, layout_chaotic_city,
          guppyfry_snake_entry_garden

Skill      XL: |  1  2  3  4  5  6  7  8  9 10 11 |
---------------+----------------------------------+-----
Stealth        | 2 3 4 5 6 8 9 10 | 10.3
Fighting       | 3 4 5 7 |  7.7
Dodging        | 3 4 5 7 |  7.6
Throwing       | 5 6 8 |  8.5
Polearms       | 6 |  6.9
Summonings     | 1 |  1.3
Spellcasting   | |  0.7

Action                   |  1- 3 |  4- 6 |  7- 9 | 10-12 || total
-------------------------+-------+-------+-------+-------++-------
Melee: Short sword       |    62 |   133 |   277 |    24 ||   496
       Constrict         |    13 |    31 |    51 |    14 ||   109
       Tentacles         |     8 |    23 |    51 |    20 ||   102
       Glaive            |       |       |       |   121 ||   121
Throw: Javelin           |     2 |       |    14 |    13 ||    29
       Dart              |    12 |    74 |   100 |    34 ||   220
       Throwing net      |       |       |     1 |     4 ||     5
 Cast: Call Canine Famil |       |       |       |     5 ||     5
Evoke: Wand              |       |       |    12 |       ||    12
  Use: Scroll            |       |    13 |     4 |     2 ||    19
       Potion            |       |       |     4 |     1 ||     5
 Stab: Sleeping          |     6 |    14 |    12 |     1 ||    33
       Paralysed         |       |       |     5 |       ||     5
       Distracted        |       |       |     1 |     3 ||     4
       Held in net/web   |       |       |     1 |       ||     1
  Eat: Chunk             |     2 |    11 |    15 |     4 ||    32
       Ration            |       |       |     2 |     3 ||     5
Armor: Skin              |     4 |     8 |    26 |     2 ||    40
Dodge: Dodged            |    41 |    83 |   186 |   117 ||   427
